 Dungeon Crawl Stone Soup version 0.22-a0-614-g34fbaa0 (webtiles) character file.

310 Ekaitz the Slasher (level 6, 0/55 HPs)
             Began as a Naga Warper on July 17, 2018.
             Slain by an orc priest
             ... wielding a +0 dagger
              (5 damage)
             ... on level 4 of the Dungeon.
             The game lasted 00:09:40 (2588 turns).

Ekaitz the Slasher (Naga Warper)                    Turns: 2588, Time: 00:09:41

Health: 0/55       AC:  4    Str: 16    XL:     6   Next: 41%
Magic:  3/10       EV:  9    Int: 13    God:
Gold:   160        SH:  0    Dex: 10    Spells: 4/11 levels left

rFire    . . .     SeeInvis +   a - +0 falchion
rCold    . . .     Gourm    .   (no shield)
rNeg     . . .     Faith    .   b - +0 leather armour
rPois    +         Spirit   .   (no helmet)
rElec    .         Reflect  .   (no cloak)
rCorr    .         Harm     .   C - +0 pair of gloves
MR       .....                  (no barding)
Stlth    +.........             (no amulet)
HPRegen  0.18/turn              (no ring)
MPRegen  0.12/turn              (no ring)

@: very slightly contaminated, very slow
A: large, see invisible, deformed body, poison resistance, slowness 2, slow
metabolism 1, spit poison 1, AC +2
a: Spit Poison


You were on level 4 of the Dungeon.
You were hungry.

You visited 1 branch of the dungeon, and saw 4 of its levels.

You collected 160 gold pieces.

Inventory:

Hand Weapons
 a - a +0 falchion (weapon)
 s - a +1 trident of protection
 x - a +1 dagger of speed
 y - a +0 blowgun
 A - a cursed -2 short sword
 B - a +0 broad axe
Missiles
 e - 5 tomahawks of dispersal (quivered)
 h - 59 poisoned needles
 k - 52 arrows
 l - 122 bolts
Armour
 b - a +0 leather armour (worn)
 m - a +0 shield
 C - a +0 pair of gloves (worn)
Scrolls
 d - a scroll of blinking
 g - a scroll of teleportation {unknown}
 i - 3 scrolls of identify
 n - a scroll of enchant armour {unknown}
 o - a scroll of remove curse {unknown}
 q - 2 scrolls of magic mapping {unknown}
 r - 3 scrolls of random uselessness
 t - a scroll of immolation
Potions
 c - a potion of curing {unknown}
 j - 2 potions of flight {unknown}
 p - 2 potions of haste {unknown}
 u - a potion of berserk rage {unknown}
 v - a potion of brilliance {unknown}
 w - 2 potions of degeneration {unknown}
 z - a potion of lignification {unknown}
Comestibles
 f - 6 rations


   Skills:
 + Level 2.5 Fighting
 * Level 3.9 Long Blades
 + Level 0.8 Throwing
 + Level 1.9 Armour
 + Level 2.1 Dodging
 + Level 0.6 Stealth
 + Level 3.0 Spellcasting
 + Level 1.9 Charms
 + Level 3.5 Translocations


You had 4 spell levels left.
You knew the following spells:

 Your Spells              Type           Power        Failure   Level  Hunger
a - Blink                 Tloc           N/A          10%         2    ###....
b - Shroud of Golubria    Chrm/Tloc      #.........   14%         2    ###....
c - Gell's Gravitas       Tloc           ##........   21%         3    ###....

Your spell library contained the following spells:

 Spells                   Type           Power        Failure   Level  Hunger
 Magic Dart               Conj           #...         28%         1    #......
 Teleport Other           Tloc           ##......     21%         3    ###....
 Iskenderun's Mystic Bla  Conj           #.......     95%         4    #####..
 Passage of Golubria      Tloc           N/A          54%         4    #####..
 Fulminant Prism          Conj/Hex       #.........   95%         4    #####..
 Dazzling Spray           Conj/Hex       #.....       63%         3    ###....
 Force Lance              Conj/Tloc      #.......     80%         4    #####..
 Searing Ray              Conj           #.....       38%         2    ###....
 Lesser Beckoning         Tloc           ##........   21%         3    ###....


Dungeon Overview and Level Annotations

Branches:
Dungeon (4/15)
 Temple: D:4-7

Altars:
Elyvilon
Kikubaaqudgha
Makhleb
Nemelex Xobeh
Ru

Annotations:
D:4 Menkaure


Innate Abilities, Weirdness & Mutations

You cannot wear boots.
Your serpentine skin is tough. (AC +2)
You have supernaturally acute eyesight. (SInv)
Armour fits poorly on your strangely shaped body.
Your system is resistant to poisons. (rPois)
You cover ground very slowly.
You have a slow metabolism.
You can spit poison.


Message History

The orc priest is heavily wounded.
The orc priest calls down the wrath of Beogh upon you.
Beogh smites you!
* * * LOW HITPOINT WARNING * * *
Unknown command.
Press: ? - help, Shift-Dir - straight line, f - orc priest
Aim: an orc priest, wielding a whip and wearing a leather armour (heavily wounded)
The splash of poison hits the orc priest.
You kill the orc priest!
Your Spellcasting skill increases to level 3!
You feel slightly more hungry.
Unknown command.
As you read the scroll labeled LIS RITHROGU, it crumbles to dust.
The creatures around you are filled with an inner flame!
It was a scroll of immolation.
The orc priest closely misses you.
You riposte.
You hit the orc priest.
The orc priest is heavily wounded.
You have got your breath back.
The orc priest hits you with a dagger.
You die...

..........# #........#
..........# #........#
..........######........#
........................#
........................#
..................M.....# .
........................###..
.........#.......###.....)...
.........'......@oo†.........
###+######.......###.........
#.........+.........
#.###########.##.... #.# ..#
... #.# ...# .. #.# ....# #.#
_..... #.# ..!.##


You could see Menkaure, an orc priest (inner flame) and an orc (inner flame).

Vanquished Creatures
  A crimson imp (D:3)
  A jelly (D:2)
  An orc priest (D:4)
  An orc wizard (D:3)
  2 worker ants
  A howler monkey skeleton (D:4)
  3 adders (D:2)
  10 oozes
  A dart slug (D:1)
  4 leopard geckos
  6 orcs
  A ball python (D:2)
  4 giant cockroaches
  8 goblins
  4 hobgoblins
  3 jackals (D:3)
  4 bats
  A frilled lizard (D:3)
  9 kobolds
  A quokka skeleton (D:4)
  3 rats (D:2)
69 creatures vanquished.

Vanquished Creatures (others)
  4 toadstools (D:2)
4 creatures vanquished.

Grand Total: 73 creatures vanquished

Notes
Turn   | Place    | Note
-------+----------+-------------------------------------------
     0 | D:1      | Ekaitz the Naga Warper began the quest for the Orb.
     0 | D:1      | Reached XP level 1. HP: 19/19 MP: 3/3
    97 | D:1      | Reached XP level 2. HP: 23/26 MP: 5/5
   104 | D:1      | Learned a level 2 spell: Blink
   107 | D:1      | Learned a level 2 spell: Shroud of Golubria
   628 | D:1      | Reached skill level 1 in Armour
   916 | D:2      | Reached XP level 3. HP: 20/32 MP: 6/6
  1291 | D:2      | Reached XP level 4. HP: 23/39 MP: 7/7
  1303 | D:2      | Learned a level 3 spell: Gell's Gravitas
  1339 | D:2      | Found a sparkling altar of Nemelex Xobeh.
  1527 | D:2      | Reached skill level 1 in Charms
  1533 | D:2      | Reached XP level 5. HP: 17/45 MP: 1/8
  1584 | D:2      | Found a burning altar of Makhleb.
  1589 | D:2      | Found a white marble altar of Elyvilon.
  1590 | D:2      | Found a sacrificial altar of Ru.
  2364 | D:3      | Reached XP level 6. HP: 49/55 MP: 10/10
  2570 | D:4      | Found an ancient bone altar of Kikubaaqudgha.
  2570 | D:4      | Noticed Menkaure
  2588 | D:4      | Slain by an orc priest

Vault maps used:
D:1:      elethiomel_arrival_shortcut, minmay_misc_feat_enclosed,
          minmay_crystal_room
D:2:      cheibrodos_fertilizer, gammafunk_temple_overflow_forgotten,
          lemuel_crystal_altar, first_ration, kennysheep_generic_room_10
D:4:      lemuel_round_altar, uniq_menkaure, uniq_grinder

Skill      XL: |  1  2  3  4  5  6 |
---------------+-------------------+-----
Dodging        | 2 |  2.1
Armour         | 1 |  1.9
Charms         | 1 |  1.9
Long Blades    | 3 |  3.9
Spellcasting   | 3 |  3.0
Fighting       | |  2.5
Throwing       | |  0.8
Stealth        | |  0.6
Translocations | |  3.5

Action                   |  1- 3 |  4- 6 || total
-------------------------+-------+-------++-------
Melee: Falchion          |    47 |   114 ||   161
 Cast: Blink             |     3 |     2 ||     5
       Shroud of Golubri |     3 |     3 ||     6
       Gell's Gravitas   |       |    11 ||    11
 Abil: Spit Poison       |    16 |    14 ||    30
  Use: Scroll            |       |     2 ||     2
 Stab: Sleeping          |       |     1 ||     1
  Eat: Chunk             |     2 |     6 ||     8
Armor: Leather armour    |    19 |    21 ||    40
Dodge: Dodged            |    16 |    69 ||    85
       Rpst.: Falchion   |     4 |    22 ||    26

Table legend:
 A = Spawn XP
 B = Non-spawn XP
 C = Spawn XP percentage of total XP
 D = Spawn monster count
 E = Non-spawn monster count
 F = Spawn count percentage of total count
 G = Total turns spent on level
                    A         B        C        D         E        F      G
               +---------+---------+-------+---------+---------+-------+---------
         Total |       0 |     443 |   0.0 |       0 |      69 |   0.0 |  2588
               +---------+---------+-------+---------+---------+-------+---------
           D:1 |       0 |      29 |   0.0 |       0 |      11 |   0.0 |   875
           D:2 |       0 |     173 |   0.0 |       0 |      32 |   0.0 |   886
           D:3 |       0 |     152 |   0.0 |       0 |      18 |   0.0 |   670
           D:4 |       0 |      89 |   0.0 |       0 |       8 |   0.0 |   157
               +---------+---------+-------+---------+---------+-------+---------
